 Dungeon Crawl Stone Soup version 0.30-a0-1163-gf69bf04e7a (webtiles) character file.

Game seed: 4924765873435261798

104225 Rawr the Brawler (level 16, 0/135 HPs)
             Began as an Octopode Transmuter on Feb 10, 2023.
             Was a High Priest of Ashenzari.
             Constricted to death by an anaconda (3 damage)
             ... on level 1 of the Snake Pit on Apr 28, 2023.
             The game lasted 10:21:47 (34676 turns).

Rawr the Brawler (Octopode Transmuter)             Turns: 34676, Time: 10:21:47

Health: 0/135      AC:  5    Str: 21    XL:     16   Next: 38%
Magic:  32/32      EV: 16    Int: 18    God:    Ashenzari [*****.]
Gold:   1224       SH:  3    Dex: 12    Spells: 8/40 levels left

rFire   + .          .
                       - Unarmed
rCold   . . .        s - +0 buckler of the Revealing Omission {Range, Self} (curse)
rNeg    . . .        (helmet restricted)
rPois   +            i - amulet of Ouranomancy {Acrobat, Elem, Self} (curse)
rElec   .            q - ring of Supernal Gnosis {rPois, Self, Alch} (curse)
rCorr   +            D - ring of the Cosmic Visionary {Will+, Comp, Cun} (curse)
SInv    +            w - ring of Star-Bound Wisdom {rCorr, Alch, Bglg} (curse)
Will    +++..        G - ring "Lashed Gloom" {Str+6, Self, Elem} (curse)
Stlth   +++++++      P - ring of the Cryptic Heresy {Wiz, Self, Cun} (curse)
HPRegen 0.42/turn    L - ring "Shame of Ashenzari" {rF+, Self, Fort} (curse)
MPRegen 0.23/turn    e - ring of Desmomancy {Will+, Cun, Elem} (curse)
                     b - ring of the Lashed Vision {AC+4, Alch, Self} (curse)

%: acrobat, clarity, wizardry (x1)
@: constricted
A: almost no armour, amphibious, 8 rings, camouflage 1, gelatinous body 1,
(nimble swimmer 1), tentacles
a: Renounce Religion, Curse Item, Shatter the Chains


You were on level 1 of the Snake Pit.
You worshipped Ashenzari.
Ashenzari was extremely pleased with you.
You visited 6 branches of the dungeon, and saw 25 of its levels.
You also visited: Ossuary and Bailey.

You collected 3718 gold pieces.
You spent 2494 gold pieces at shops.

Inventory:

Hand Weapons
 k - the +10 flail of Najatesm {freeze, rElec MP+9 Int+7 Stlth-}
   (You found it in a bailey)

   Int:       It affects your intelligence (+7).
   rElec:     It insulates you from electricity.
   MP:        It affects your magic capacity (+9).
   Stlth:     It makes you less stealthy.
Missiles
 A - 4 javelins (quivered)
 T - a boomerang of dispersal
Armour
 s - the cursed +0 buckler of the Revealing Omission (worn) {Range, Self}
   (You found it on level 1 of the Dungeon)

   It has a curse which improves the following skills: Ranged Combat: Ranged
   Weapons and Throwing.
   Introspection: Fighting and Spellcasting.
Jewellery
 b - the cursed ring of the Lashed Vision (on tentacle) {AC+4, Alch, Self}
   (You bought it in a shop on level 2 of the Orcish Mines)

   [ring of protection]

   AC:        It affects your AC (+4).
   It has a curse which improves the following skills: Alchemy: Poison Magic and
   Transmutations.
   Introspection: Fighting and Spellcasting.
 e - the cursed ring of Desmomancy (on tentacle) {Will+, Cun, Elem}
   (You bought it in a shop on level 1 of the Dungeon)

   [ring of willpower]

   Will:      It increases your willpower.
   It has a curse which improves the following skills: Cunning: Dodging and
   Stealth.
   Elements:  Fire Magic, Ice Magic, Air Magic and Earth Magic.
 h - a ring of positive energy
 i - the cursed amulet of Ouranomancy (around mantle) {Acrobat, Elem, Self}
   (You bought it in a shop on level 1 of the Dungeon)

   [amulet of the acrobat]

   It increases your evasion while moving and waiting.
   It has a curse which improves the following skills: Elements: Fire Magic, Ice
   Magic, Air Magic and Earth Magic.
   Introspection: Fighting and Spellcasting.
 j - a ring of flight
 q - the cursed ring of Supernal Gnosis (left tentacle) {rPois, Self, Alch}
   (You found it on level 3 of the Dungeon)

   [ring of poison resistance]

   rPois:     It protects you from poison.
   It has a curse which improves the following skills: Introspection: Fighting
   and Spellcasting.
   Alchemy:   Poison Magic and Transmutations.
 w - the cursed ring of Star-Bound Wisdom (on tentacle) {rCorr, Alch, Bglg}
   (You bought it in a shop on level 1 of the Dungeon)

   [ring of resist corrosion]

   rCorr:     It protects you from acid and corrosion.
   It has a curse which improves the following skills: Alchemy: Poison Magic and
   Transmutations.
   Beguiling: Conjurations, Hexes and Translocations.
 D - the cursed ring of the Cosmic Visionary (right tentacle) {Will+, Comp, Cun}
   (You found it on level 6 of the Dungeon)

   [ring of willpower]

   Will:      It increases your willpower.
   It has a curse which improves the following skills: Companions: Summonings
   and Necromancy.
   Cunning:   Dodging and Stealth.
 F - a ring of fire
 G - the cursed ring "Lashed Gloom" (on tentacle) {Str+6, Self, Elem}
   (You bought it in a shop on level 1 of the Dungeon)

   [ring of strength]

   Str:       It affects your strength (+6).
   It has a curse which improves the following skills: Introspection: Fighting
   and Spellcasting.
   Elements:  Fire Magic, Ice Magic, Air Magic and Earth Magic.
 I - a ring of ice
 L - the cursed ring "Shame of Ashenzari" (on tentacle) {rF+, Self, Fort}
   (You took it off an orc on level 8 of the Dungeon)

   [ring of protection from fire]

   rF:        It protects you from fire.
   It has a curse which improves the following skills: Introspection: Fighting
   and Spellcasting.
   Fortitude: Shields.
 P - the cursed ring of the Cryptic Heresy (on tentacle) {Wiz, Self, Cun}
   (You found it on level 10 of the Dungeon)

   [ring of wizardry]

   It improves your spell success rate.
   It has a curse which improves the following skills: Introspection: Fighting
   and Spellcasting.
   Cunning:   Dodging and Stealth.
 Z - a ring of poison resistance
Wands
 t - a wand of digging (4)
 J - a wand of quicksilver (3)
 K - a wand of paralysis (13)
 Q - a wand of roots (16)
 V - a wand of flame (12)
 W - a wand of polymorph (9)
Scrolls
 a - 14 scrolls of teleportation
 c - 3 scrolls of vulnerability
 d - 7 scrolls of blinking
 z - 6 scrolls of magic mapping
 B - 4 scrolls of fog
 E - 4 scrolls of fear
 H - a scroll of summoning
 M - 5 scrolls of immolation
 U - a scroll of silence
Potions
 f - 12 potions of curing
 m - 4 potions of invisibility
 n - 9 potions of lignification
 o - 3 potions of mutation
 r - 6 potions of might
 u - 5 potions of haste
 v - 6 potions of brilliance
 x - 7 potions of heal wounds
 y - a potion of berserk rage
 C - a potion of ambrosia
 N - 3 potions of resistance
 R - 2 potions of magic
 X - 2 potions of cancellation
Miscellaneous
 g - a tin of tremorstones (1/2)
 l - a phial of floods
 p - a lightning rod (4/4)


   Skills:
 - Level 13.5(20.9) Fighting
 - Level 10.8(15.0) Dodging
 - Level 10.6(14.7) Stealth
 - Level 17.0 Unarmed Combat
 - Level 5.9(12.8) Spellcasting
 - Level 2.5(4.3) Hexes
 - Level 4.3(6.3) Summonings
 - Level 6.0(10.1) Transmutations
 + Level 9.1(13.3) Ice Magic
 - Level 8.0 Evocations


You had 8 spell levels left.
You knew the following spells:

 Your Spells              Type           Power      Damage    Failure   Level
a - Wereblood             Tmut           48%        N/A       1%          2
b - Ozocubu's Armour      Ice            56%        N/A       1%          3
c - Frozen Ramparts       Ice            100%       1d16      1%          3
d - Summon Ice Beast      Ice/Summ       47%        N/A       1%          4
e - Hailstorm             Conj/Ice       36%        3d9       1%          3
f - Summon Guardian Gole  Hex/Summ       30%        N/A       1%          3
g - Summon Mana Viper     Hex/Summ       30%        N/A       10%         5
u - Blade Hands           Tmut           24%        N/A       1%          5
I - Ice Form              Ice/Tmut       52%        N/A       1%          4

Your spell library contained the following spells:

 Spells                   Type           Power      Damage    Failure   Level
 Beastly Appendage        Tmut           96%        N/A       1%          1
 Freeze                   Ice            100%       1d10      1%          1
 Slow                     Hex            100%       N/A       1%          1
 Summon Small Mammal      Summ           100%       N/A       1%          1
 Call Canine Familiar     Summ           34%        N/A       1%          3
 Confusing Touch          Hex            27%        N/A       1%          3
 Spider Form              Tmut/Pois      30%        N/A       1%          3
 Kiss of Death            Conj/Necr      48%        2d9       2%          1
 Necrotise                Necr           48%        1d6       2%          1
 Vampiric Draining        Necr           12%        2d6       9%          3
 Ozocubu's Refrigeration  Ice            28%        4d13      11%         7
 Dispel Undead            Necr           12%        3d9       26%         4
 Iskenderun's Battlesphe  Conj           12%        2d7       56%         5
 Monstrous Menagerie      Summ           17%        N/A       86%         7
 Iron Shot                Conj/Erth      6%         9d2       98%         6
 Malign Gateway           Summ/Tloc      11%        N/A       99%         7
 Spellforged Servitor     Conj/Summ      11%        N/A       99%         7
 Summon Horrible Things   Summ           17%        N/A       100%        8
 Chain Lightning          Conj/Air       6%         3d8       100%        9
 Fire Storm               Conj/Fire      6%         8d2       100%        9
 Shatter                  Erth           6%         3d9*      100%        9
 Animate Armour           Summ/Erth      Unusable   N/A       N/A         4

Dungeon Overview and Level Annotations

Branches:
Dungeon (15/15) Zot: 24319  Temple (1/1) D:5 Zot: 5843    Lair (5/5) D:9 Zot: 23532
  Swamp (1/4) Lair:2 Zot: 5989   Snake (1/4) Lair:2 Zot: 4682   Slime (0/5) Lair:5
    Orc (2/2) D:12 Zot: 9373     Elf (0/3) Orc:2        Vaults (0/5) D:13
 Depths (0/4) D:15        Ossuary (visited)          Bailey (visited)

Altars:
Ashenzari
Cheibriados
Dithmenos
Elyvilon
Fedhas
Gozag
Hepliaklqana
Kikubaaqudgha
Makhleb
Nemelex Xobeh
Okawaru
Qazlal
Ru
Sif Muna
Trog
Uskayaw
Vehumet
Wu Jian
Xom
Yredelemnul
Zin
The Shining One
Jiyva

Shops:
D:1 ((=(   D:3 !   Orc:2 [([=   Snake:1 !

Annotations:
D:9 3 runed translucent doors, Lavandula's ghost, journeyman HuMo
D:11 burn trees or dig to get item
Lair:2 exclusion: downstairs, Gastronok
Swamp:1 Mlioglotl
Snake:1 exclusions: door and naga warrior
Orc:2 3 runed translucent doors, CryoSword's ghost, journeyman GrFi


Innate Abilities, Weirdness & Mutations

You cannot wear most types of armour.
You are amphibious.
You can wear up to eight rings at the same time.
Your skin changes colour to match your surroundings (Stealth+).
Your rubbery body absorbs attacks. (AC +1, EV +1)
((You are camouflaged when in or above water. (Stealth+)))
You have tentacles for arms and can constrict up to eight enemies at once.


Message History

You bludgeon the anaconda! Your squeeze misses the anaconda.
The anaconda is almost dead.
The anaconda bites you!! The anaconda constricts you.
You take 21 damage, and have 56/135 hp.
You barely miss the anaconda. You squeeze the anaconda.
The anaconda is almost dead.
The anaconda bites you! The anaconda constricts you.
* * * LOW HITPOINT WARNING * * *
The anaconda bites you!
* * * LOW HITPOINT WARNING * * *
The anaconda constricts you.
* * * LOW HITPOINT WARNING * * *
You take 33 damage, and have 23/135 hp.
You miss the anaconda.
The anaconda is almost dead.
The anaconda bites you.
* * * LOW HITPOINT WARNING * * *
The anaconda constricts you.
* * * LOW HITPOINT WARNING * * *
You take 8 damage, and have 15/135 hp.
Okay, then.
Unknown command.
Okay, then.
Unknown command.
Aiming: Paralyse
Press: ? - help, Shift-Dir - straight line, f - anaconda
Aim: an anaconda (almost dead, constricting you, chance to affect: 50%)
Okay, then.
Unknown command.
Unknown command.
Blink to where?
Press: ? - help, Dir - move target The anaconda's grasp on you weakens, but your attempt to escape fails.
As you read the scroll of blinking, it crumbles to dust.
The anaconda bites you!
* * * LOW HITPOINT WARNING * * *
The anaconda constricts you.
* * * LOW HITPOINT WARNING * * *
The anaconda misses you. The anaconda constricts you.
You die...

......#*, ,, *, * *
......#* ** #. , #**,**
......###* .## .##,
.....##.######.## *#...
...?.#..........# #....
.###..#.........###.....
*
####.###.........#......
*,* #.#.##
#................ #....#
#?.......@)......, ,*
.....####........S......
,** ......#
###.............,,
.....######..####.......
.......#......####......,
, * ##..###.........#
......,
##.###..........#*......
,,
...##...........###.....,
...###...........# ,,,, ,
**


You could see an anaconda.

Vanquished Creatures
  Jorgrun (Lair:2)
  2 fire dragons (Lair:5)
  A vault guard (D:13)
  10 hydras
  A death knight (D:13)
  3 centaur warriors
  2 two-headed ogres
  An alligator (Lair:2)
  6 death yaks
  4 boulder beetles
  4 naga warriors (Snake:1)
  A shock serpent (Snake:1)
  A skyshark (Lair:4)
  3 naga sharpshooters (Snake:1)
  A soul eater (D:12)
  A sun demon (D:12)
  A sixfirhy (D:12)
  2 bog bodies
  Pikel (D:7)
  2 wizards (D:13)
  7 deep elf pyromancers
  An orc knight (Orc:2)
  4 deep elf zephyrmancers
  3 lindwurms
  12 ugly things
  3 orc sorcerers
  5 manticores
  5 cyclopes
  2 mana vipers (Snake:1)
  An elephant (D:11)
  2 centaur zombies (D:15)
  Maurice (D:8)
  Joseph (D:7)
  3 black mambas
  3 naga magi
  6 torpor snails
  A gargoyle (D:14)
  A centaur skeleton (D:15)
  7 cane toads
  3 kobold demonologists (D:12)
  Psyche (D:8)
  5 rime drakes
  9 komodo dragons
  An efreet (D:14)
  An ice devil (D:12)
  2 polar bears
  3 meliai (D:15)
  11 trolls
  A troll (shapeshifter) (D:14)
  3 tyrant leeches (Lair:5)
  Grinder (D:4)
  7 hornets
  5 slime creatures
  30 blink frogs
  2 shadows
  2 wyverns
  A spriggan (Bailey)
  26 yaks
  5 steam dragons
  15 humans (D:13)
  14 vampire mosquitoes
  A basilisk (Lair:5)
  A chaos spawn (D:12)
  12 nagas
  2 wargs (Orc:2)
  3 acid dragons
  13 water moccasins
  Duvessa (D:4)
  16 orc warriors
  4 swamp drakes
  A hornet zombie (D:15)
  8 ogres
  6 black bears
  8 centaurs
  11 wolves
  4 lemures (D:8)
  2 phantoms
  3 nameless horrors
  10 bullfrogs
  2 gnoll sergeants
  A necrophage (D:8)
  3 scorpions
  11 water moccasin zombies (Ossuary)
  Dowan (D:4)
  26 wights
  31 killer bees
  An electric eel (D:11)
  A jelly (D:6)
  6 quasits (D:12)
  3 hounds (D:5)
  20 orc priests
  A gnoll bouda (D:4)
  4 hell rats (Lair:2)
  Ijyb (D:4)
  6 iguanas
  20 orc wizards
  Terence (D:2)
  2 mummies (Ossuary)
  7 adders
  9 gnolls
  2 shadow imps
  2 white imps
  2 ufetubi
  6 adder zombies (Ossuary)
  4 worms
  3 dart slugs
  62 orcs
  5 ball pythons
  3 endoplasms
  4 giant cockroaches
  4 gnoll zombies (Ossuary)
  7 hobgoblins
  7 jackals
  7 quokkas
  5 bats
  6 frilled lizards
  7 goblins
  3 hobgoblin zombies (Ossuary)
  8 kobolds
  2 kobold zombies (Ossuary)
  4 orc zombies (Ossuary)
  5 rats
685 creatures vanquished.

Vanquished Creatures (collateral kills)
  Erolcha (D:11)
  A vault guard (D:13)
  A centaur warrior (D:13)
  A swamp dragon (Lair:5)
  A wizard (D:14)
  3 cyclopes
  A naga mage (Snake:1)
  A gargoyle (D:11)
  A troll (D:11)
  2 hornets (Lair:5)
  A blink frog (Lair:5)
  3 yaks
  2 spriggans (Bailey)
  6 humans (D:13)
  A neqoxec (D:12)
  An acid dragon (Lair:5)
  An orc warrior (Orc:2)
  A black bear (D:9)
  A hornet zombie (D:15)
  A kobold brigand (D:10)
  5 killer bees (D:11)
  An orc wizard (D:9)
  2 gnolls
  6 orcs
  A goblin (D:10)
  A hobgoblin (D:10)
47 creatures vanquished.

Vanquished Creatures (others)
  An orc warlord (Orc:2)
  A wizard (D:15)
  A necromancer (D:15)
  A deep elf pyromancer (Orc:1)
  A naga mage (D:15)
  A slime creature (D:15)
  A vampire (D:12)
  A chaos spawn (D:12)
  3 orc warriors
  A bullfrog (Lair:4)
  An orc (Orc:2)
  A demonic plant (D:12)
  42 fungi
  92 plants
148 creatures vanquished.

Grand Total: 880 creatures vanquished

Notes
Turn   | Place    | Note
-------+----------+-------------------------------------------
     0 | D:1      | Rawr the Octopode Transmuter began the quest for the Orb.
     0 | D:1      | Reached XP level 1. HP: 13/13 MP: 3/3
    83 | D:1      | Reached XP level 2. HP: 16/19 MP: 5/5
    86 | D:1      | Learned a level 2 spell: Wereblood
   235 | D:1      | Found Zydiv's Weapon Boutique.
   365 | D:1      | Found Akhenase's Antique Weapon Shop.
   369 | D:1      | Found Rygenuid's Antique Weapon Shop.
   454 | D:1      | Reached XP level 3. HP: 25/25 MP: 2/6
   492 | D:1      | Found Ezufogoh's Jewellery Emporium.
   555 | D:1      | Found a faded altar of an unknown god.
   564 | D:1      | Got Plato's Precepts of Incorporation
   587 | D:1      | Learned a level 3 spell: Spider Form
   967 | D:2      | Noticed Terence
  1256 | D:2      | Reached XP level 4. HP: 31/31 MP: 3/7
  2039 | D:3      | Found Caolefoy's Distillery.
  2045 | D:3      | Upgraded the game from 0.30-a0-758-gc2c871d025 to
                  | 0.30-a0-760-g5a9884bb7c
  2045 | D:3      | Bought a potion of heal wounds for 65 gold pieces
  2084 | D:3      | Noticed a phantom
  2468 | D:3      | Found a hazy altar of Hepliaklqana.
  2923 | D:4      | Noticed Ijyb
  2967 | D:4      | Noticed a scorpion
  3017 | D:4      | Noticed Dowan
  3049 | D:4      | Noticed a scorpion
  3064 | D:4      | Killed a scorpion
  3065 | D:4      | Reached skill level 1 in Ice Magic
  3065 | D:4      | Reached XP level 5. HP: 13/37 MP: 8/8
  3202 | D:4      | Noticed Duvessa
  3252 | D:4      | Killed Ijyb
  3253 | D:4      | Reached skill level 4 in Unarmed Combat
  3282 | D:4      | Killed Duvessa
  3283 | D:4      | Reached skill level 1 in Evocations
  3283 | D:4      | Reached XP level 6. HP: 43/43 MP: 6/9
  3290 | D:4      | Killed Dowan
  3407 | D:4      | Found a sand-covered staircase.
  3459 | Ossuary  | Entered an ossuary
  3485 | Ossuary  | Reached skill level 5 in Fighting
  3485 | Ossuary  | Reached XP level 7. HP: 34/50 MP: 3/10
  3511 | Ossuary  | Reached skill level 5 in Unarmed Combat
  3648 | Ossuary  | Reached skill level 6 in Unarmed Combat
  3672 | Ossuary  | Reached XP level 8. HP: 40/55 MP: 7/11
  3832 | D:4      | Noticed Grinder
  3957 | D:4      | Learned a level 4 spell: Ice Form
  3989 | D:5      | Entered Level 5 of the Dungeon
  4102 | D:5      | Reached skill level 7 in Unarmed Combat
  4117 | D:5      | Found a staircase to the Ecumenical Temple.
  4125 | D:5      | Found a burning altar of Makhleb.
  4127 | Temple   | Entered the Ecumenical Temple
  4193 | Temple   | Upgraded the game from 0.30-a0-760-g5a9884bb7c to
                  | 0.30-a0-765-g3161bf10a1
  4194 | Temple   | Became a worshipper of Ashenzari the Shackled
  4460 | D:4      | Reached skill level 1 in Stealth
  4866 | D:5      | Found an iron altar of Okawaru.
  5332 | D:6      | Reached XP level 9. HP: 63/63 MP: 9/13
  5382 | D:6      | Reached skill level 5 in Transmutations
  5413 | D:5      | Learned a level 3 spell: Frozen Ramparts
  5504 | D:6      | Noticed a troll
  6177 | D:6      | Reached * piety under Ashenzari
  6177 | D:6      | Identified a scroll of acquirement
  6241 | D:6      | Upgraded the game from 0.30-a0-765-g3161bf10a1 to
                  | 0.30-a0-776-g08fbeb92c1
  6463 | D:4      | Killed Grinder
  6540 | D:4      | Found a glowing silver altar of Zin.
  6540 | D:4      | Noticed an angel
  6830 | D:2      | Killed Terence
  7218 | D:7      | Noticed Joseph
  7916 | D:7      | Noticed a hornet
  8087 | D:7      | Upgraded the game from 0.30-a0-776-g08fbeb92c1 to
                  | 0.30-a0-782-ge64f9170bb
  8264 | D:1      | Found Rygenuid's Antique Weapon Shop.
  8264 | D:1      | Found Akhenase's Antique Weapon Shop.
  8275 | D:1      | Found Ezufogoh's Jewellery Emporium.
  8283 | D:1      | Bought a ring of resist corrosion for 260 gold pieces
  8283 | D:1      | Acquired 1195 gold pieces
  8285 | D:1      | Bought an amulet of the acrobat for 390 gold pieces
  8285 | D:1      | Bought a +6 ring of strength for 468 gold pieces
  8595 | D:7      | Found a stormy altar of Qazlal.
  8822 | D:8      | Reached skill level 8 in Unarmed Combat
  8879 | D:8      | Reached XP level 10. HP: 72/72 MP: 7/15
  9488 | D:7      | Reached skill level 5 in Dodging
  9545 | D:7      | Reached ** piety under Ashenzari
  9638 | D:8      | Noticed Pikel
  9652 | D:7      | Killed Pikel
  9802 | D:8      | Noticed Maurice
  9890 | D:8      | Noticed Psyche
  9953 | D:7      | Noticed a deep elf zephyrmancer
  9960 | D:7      | Killed a deep elf zephyrmancer
 10168 | D:6      | Learned a level 4 spell: Summon Ice Beast
 10371 | D:6      | Reached skill level 1 in Summonings
 10456 | D:8      | Killed Maurice
 10676 | D:9      | Found a runed translucent gate.
 10676 | D:9      | Found a runed translucent gate.
 10676 | D:9      | Found a runed translucent gate.
 10679 | D:9      | Found a viscous altar of Jiyva.
 10679 | D:9      | Noticed Lavandula's ghost (journeyman HuMo)
 11330 | D:9      | Reached XP level 11. HP: 82/82 MP: 8/19
 11337 | D:9      | Found a staircase to the Lair.
 11341 | D:9      | Noticed a four-headed hydra
 11357 | D:9      | Killed a four-headed hydra
 11571 | D:9      | Noticed Erolcha
 11819 | D:9      | Reached skill level 5 in Stealth
 11940 | D:9      | Reached *** piety under Ashenzari
 12264 | D:10     | Entered Level 10 of the Dungeon
 12416 | D:10     | Noticed a centaur warrior
 12435 | D:10     | Found a white marble altar of Elyvilon.
 12475 | D:10     | Killed a centaur warrior
 12560 | D:10     | Found a flagged portal.
 12619 | Bailey   | Entered a bailey
 12759 | Bailey   | Noticed a two-headed ogre
 12772 | Bailey   | Reached skill level 5 in Spellcasting
 12836 | Bailey   | Identified the +10 flail of Najatesm {freeze, rElec MP+9
                  | Int+7 Stlth-}
 13041 | Bailey   | Killed a two-headed ogre
 13698 | D:11     | Noticed a boulder beetle
 13773 | D:11     | Reached skill level 5 in Evocations
 13798 | D:11     | Noticed a manticore
 14005 | D:11     | Killed a manticore
 14078 | D:11     | Reached XP level 12. HP: 94/94 MP: 17/25
 14284 | D:11     | Reached skill level 9 in Unarmed Combat
 14532 | D:11     | Reached **** piety under Ashenzari
 14553 | D:11     | Noticed a centaur warrior
 14651 | D:11     | Killed a centaur warrior
 15019 | D:11     | Upgraded the game from 0.30-a0-782-ge64f9170bb to
                  | 0.30-a0-878-gc727b3d3d6
 15179 | D:12     | Reached skill level 10 in Unarmed Combat
 15283 | D:12     | Noticed a sun demon
 15295 | D:12     | Killed a sun demon
 15710 | Lair:1   | Entered Level 1 of the Lair of Beasts
 15714 | Lair:1   | Upgraded the game from 0.30-a0-878-gc727b3d3d6 to
                  | 0.30-a0-1085-g990a428a5c
 15927 | Lair:1   | Reached skill level 5 in Ice Magic
 15979 | Lair:1   | Noticed a death yak
 15979 | Lair:1   | Noticed a death yak
 16080 | Lair:1   | Killed a death yak
 16082 | Lair:1   | Killed a death yak
 16116 | Lair:1   | Reached skill level 10 in Fighting
 16221 | Lair:1   | Reached skill level 11 in Unarmed Combat
 16776 | Lair:2   | Found a staircase to the Snake Pit.
 16975 | Lair:2   | Noticed Gastronok
 17086 | Lair:2   | Found a staircase to the Swamp.
 17126 | Lair:2   | Reached XP level 13. HP: 101/105 MP: 27/27
 17821 | D:1      | Bought a ring of willpower for 325 gold pieces
 17821 | D:1      | Bought a ring of ice for 325 gold pieces
 18047 | D:1      | Found Zydiv's Weapon Boutique.
 18191 | D:1      | Found a faded altar of an unknown god.
 18262 | D:1      | Bought a glowing arbalest for 157 gold pieces
 18581 | D:7      | Killed Joseph
 18764 | D:8      | Killed Psyche
 19128 | D:11     | Identified the +8 bardiche "Caetrud" {venom, rPois rF++ rC-
                  | Int+2}
 19534 | D:11     | Killed Erolcha
 19869 | Lair:3   | Reached skill level 12 in Unarmed Combat
 20798 | Lair:4   | Reached skill level 13 in Unarmed Combat
 21805 | Lair:5   | Entered Level 5 of the Lair of Beasts
 21815 | Lair:5   | Reached skill level 14 in Unarmed Combat
 21821 | Lair:5   | Reached XP level 14. HP: 115/115 MP: 21/28
 21989 | Lair:5   | Reached skill level 15 in Unarmed Combat
 22475 | Lair:5   | Found a staircase to the Slime Pits.
 22805 | Lair:5   | Found a runed translucent door.
 23880 | Lair:5   | Learned a level 3 spell: Hailstorm
 23884 | Lair:5   | Learned a level 3 spell: Summon Guardian Golem
 23890 | Lair:5   | Learned a level 5 spell: Summon Mana Viper
 23920 | Lair:5   | Upgraded the game from 0.30-a0-1085-g990a428a5c to
                  | 0.30-a0-1104-g706747fef1
 24255 | D:12     | Found a staircase to the Orcish Mines.
 24261 | D:12     | Upgraded the game from 0.30-a0-1104-g706747fef1 to
                  | 0.30-a0-1160-g6e42c06551
 24820 | Orc:1    | Entered Level 1 of the Orcish Mines
 25001 | Orc:1    | Reached skill level 1 in Hexes
 25320 | Orc:1    | Reached XP level 15. HP: 118/122 MP: 29/29
 25453 | Orc:2    | Entered Level 2 of the Orcish Mines
 25896 | Orc:2    | Found Hiykkon's Jewellery Shoppe.
 26113 | Orc:2    | Found a staircase to the Elven Halls.
 26494 | Orc:2    | Found a runed translucent gate.
 26494 | Orc:2    | Found a runed translucent gate.
 26494 | Orc:2    | Found a runed translucent gate.
 26497 | Orc:2    | Found an opulent altar of Gozag.
 26500 | Orc:2    | Noticed CryoSword's ghost (journeyman GrFi)
 26702 | Orc:2    | Found Asyusaf's Armour Shoppe.
 26764 | Orc:2    | Noticed an orc warlord
 26795 | Orc:2    | Killed an orc warlord
 26796 | Orc:2    | Reached skill level 16 in Unarmed Combat
 26991 | Orc:2    | Found Myitos's Antique Armour Shoppe.
 26993 | Orc:2    | Found Qaumisa's Antique Weapon Emporium.
 27357 | D:11     | Reached ***** piety under Ashenzari
 27359 | D:11     | Identified the cursed +0 buckler of the Revealing Omission
                  | {Range, Self} (You found it on level 1 of the Dungeon)
 27505 | D:11     | Learned a level 5 spell: Blade Hands
 29687 | D:14     | Reached skill level 10 in Dodging
 30201 | D:15     | Entered Level 15 of the Dungeon
 30516 | D:13     | Found a gate to the Vaults.
 30543 | D:13     | Reached skill level 10 in Stealth
 31479 | D:15     | Reached XP level 16. HP: 131/131 MP: 3/30
 31782 | D:15     | Reached skill level 17 in Unarmed Combat
 31928 | D:15     | Found a staircase to the Depths.
 32157 | D:11     | Upgraded the game from 0.30-a0-1160-g6e42c06551 to
                  | 0.30-a0-1163-gf69bf04e7a
 32161 | D:11     | Learned a level 3 spell: Ozocubu's Armour
 32947 | Swamp:1  | Entered Level 1 of the Swamp
 32947 | Swamp:1  | Noticed Jorgrun
 32947 | Swamp:1  | Noticed a fenstrider witch
 32956 | Lair:2   | Killed Jorgrun
 33003 | Swamp:1  | Noticed Mlioglotl
 33182 | Orc:2    | Bought a +4 ring of protection for 504 gold pieces
 33337 | Snake:1  | Entered Level 1 of the Snake Pit
 33358 | Snake:1  | Found Uveew's Distillery.
 34611 | Snake:1  | Identified the +0 scale mail of Kerui {Drain rPois Str+4
                  | Int+4}
 34676 | Snake:1  | HP: 6/135 [anaconda (9)]
 34676 | Snake:1  | Constricted to death by an anaconda

Illustrated notes

Levels and vault maps discovered:
D:1:      eino_arrival_tree_alley, layout_basic,
          shapermc_ecumenical_altar_rom_forum, serial_shops,
          nicolae_shop_advertising_works [nicolae_subvault_shop_adworks],
          nicolae_shop_overgrown_old_shop, nicolae_shop_behind_doors,
          nicolae_lakefront_shop, minmay_misc_feat_encased
D:2:      layout_loops_corners, uniq_terence
D:3:      layout_loops_corners, nzn_hepliaklqana_mist_gate, serial_shops, shop,
          wad_rectangle_vault
D:4:      layout_rooms, zin_angel, nicolae_ossuary_entry_false_entrances,
          uniq_ijyb, uniq_grinder, uniq_duvessa
D:5:      layout_basic, old_standard_altar, bloody_makhleb,
          minmay_temple_entry_stoned_glass, serial_bayou_lake_a
D:6:      layout_rooms
D:7:      layout_basic, nicolae_qazlal_eye_of_the_storm,
          guppyfry_early_elven_hall, uniq_joseph
D:8:      layout_basic, uniq_psyche, uniq_maurice, uniq_pikel
D:9:      layout_gridville, due_lair_maze_entry_diamond, gammafunk_ghost_ooze,
          uniq_erolcha
D:10:     layout_small_grid, elyvilon_altar_5, enter_bailey_4
D:11:     wad_woods_minihive, layout_basic, nrook_pool_corridor
D:12:     layout_roguey, orc_0_dummy, serial_demonic, serial_demonic_c,
          serial_demonic_c, serial_demonic_c, serial_demonic_g,
          serial_demonic_a, serial_demonic_a
D:13:     layout_loops_corners, grunt_vaults_entry_tiered, serial_rivers,
          chequers_serial_rivers_micro_d, chequers_serial_rivers_room_b,
          chequers_serial_rivers_small_3, chequers_serial_rivers_marsh
D:14:     layout_basic, hangedman_decor_clover_reticule
D:15:     grunt_enter_depths_magical_seal, layout_loops_ring,
          minmay_fountain_box
Temple:   eino_temple_scatter_basement
Lair:1:   layout_long_grid, grunt_megastairs_5, infiniplex_staircase_pool
Lair:2:   layout_regular_city, skrybe_swamp_entry_bodies,
          guppyfry_snake_entry_garden, uniq_gastronok
Lair:3:   layout_loops_ring
Lair:4:   layout_cave_pods, st_stairs_9
Lair:5:   guppyfry_lair_end_dragon, layout_regular_city, wormcave, slime_entry_1
Swamp:1:  nicolae_swamp_tree_isthmus, layout_falls_marsh,
          ebering_ghost_inner_flame, nicolae_swamp_godswood, uniq_jorgrun,
          uniq_mlioglotl, uniq_kirke
Snake:1:  kennysheep_six_static_rooms, layout_chambers, serial_shops, shop
Orc:1:    layout_diamond_mine, elves_outpost_lemuel
Orc:2:    grunt_orc_community_town_hall, layout_diamond_mine,
          grunt_orc_community_big_house_1, grunt_orc_community_big_house_2,
          grunt_orc_community_house_3, grunt_orc_community_house_1,
          grunt_orc_community_house_3, grunt_orc_community_house_2,
          grunt_orc_community_house_2, grunt_orc_community_house_2,
          ebering_ghost_gozag

Skill      XL: |  1  2  3  4  5  6  7  8  9 10 11 12 13 14 15 16 |
---------------+-------------------------------------------------+-----
Fighting       | 2 3 4 5 6 7 8 9 10 11 12 13 | 13.5
Transmutations | 3 4 6 |  6.0
Ice Magic      | 1 3 4 6 9 |  9.1
Unarmed Combat | 4 6 7 8 11 14 15 16 17 | 17.0
Evocations     | 1 2 5 6 7 8 |  8.0
Dodging        | 3 4 7 8 9 10 | 10.8
Stealth        | 3 4 7 8 9 10 | 10.6
Summonings     | 2 3 4 |  4.3
Spellcasting   | 3 5 |  5.9
Hexes          | 1 2 |  2.5

Action                     |  1- 3 |  4- 6 |  7- 9 | 10-12 | 13-15 | 16-18 || total
---------------------------+-------+-------+-------+-------+-------+-------++-------
  Melee: Unarmed           |    88 |    89 |   281 |   372 |   633 |    90 ||  1553
         Constrict         |    24 |    22 |    53 |    20 |    36 |       ||   155
         Kick              |    28 |    22 |    61 |       |     1 |       ||   112
         Punch             |     2 |     3 |    12 |     5 |    24 |       ||    46
         Tentacles         |     8 |    14 |    49 |    29 |    45 |     7 ||   152
         Spear             |       |       |       |     2 |       |       ||     2
   Fire: Sling             |       |     7 |       |   119 |       |       ||   126
  Throw: Stone             |       |       |       |    24 |       |       ||    24
         Dart              |       |       |       |       |     1 |       ||     1
         Javelin           |       |       |       |       |       |     1 ||     1
   Cast: Beastly Appendage |    17 |    18 |    24 |     2 |     1 |       ||    62
         Wereblood         |     6 |     5 |     8 |     7 |     7 |       ||    33
         Spider Form       |       |     1 |    11 |     2 |     4 |       ||    18
         Ice Form          |       |       |    15 |    45 |    86 |    13 ||   159
         Frozen Ramparts   |       |       |     8 |    58 |    80 |     9 ||   155
         Summon Ice Beast  |       |       |       |    40 |    63 |     7 ||   110
         Summon Guardian G |       |       |       |       |    25 |     2 ||    27
         Hailstorm         |       |       |       |       |    21 |     5 ||    26
         Summon Mana Viper |       |       |       |       |    13 |     6 ||    19
         Blade Hands       |       |       |       |       |     8 |       ||     8
         Ozocubu's Armour  |       |       |       |       |       |     8 ||     8
 Invoke: Curse Item        |       |       |     3 |     4 |     2 |     1 ||    10
Ability: End Transformatio |       |     1 |     2 |     4 |    14 |     2 ||    23
  Evoke: Wand              |       |     5 |     6 |     6 |     5 |     1 ||    23
         Lightning rod     |       |       |       |       |     8 |       ||     8
         Tin of tremorston |       |       |       |       |     2 |     1 ||     3
         Phial of floods   |       |       |       |       |     1 |       ||     1
    Use: Scroll            |       |     1 |     1 |     1 |     1 |     3 ||     7
         Potion            |       |     3 |       |     2 |       |       ||     5
   Stab: Sleeping          |     4 |     2 |    13 |    13 |    22 |     9 ||    63
         Distracted        |       |       |       |     2 |     9 |       ||    11
 Armour: Skin              |     7 |    17 |    17 |    58 |    98 |    28 ||   225
  Dodge: Dodged            |    38 |    46 |   137 |   285 |   365 |    61 ||   932
  Block: Buckler           |     3 |     7 |    17 |       |     3 |     2 ||    32

Table legend: (Time is in decaauts)
 A = Elapsed time spent in this place.
 B = Non-inter-level travel time spent in this place.
 C = Inter-level travel time spent in this place.
 D = Time resting spent in this place.
 E = Time spent auto-exploring this place.
 F = Levels seen in this place.
 G = Mean time per level.
                   A        B        C        D        E       F      G
               +--------+--------+--------+--------+--------+-----+--------+
         Total |  34465 |  27739 |   6726 |   2297 |  13059 |  27 | 1276.5 |
       Dungeon |  23152 |  17527 |   5625 |   1885 |   7364 |  15 | 1543.5 |
        Temple |    156 |     92 |     64 |      0 |      0 |   1 |  156.0 |
          Lair |   6467 |   5935 |    532 |     76 |   3802 |   5 | 1293.4 |
         Swamp |     10 |     10 |      0 |      0 |      0 |   1 |   10.0 |
     Snake Pit |   1316 |   1260 |     56 |     71 |    754 |   1 | 1316.0 |
  Orcish Mines |   2626 |   2179 |    447 |    123 |   1139 |   2 | 1313.0 |
       Ossuary |    289 |    289 |      0 |     70 |      0 |   1 |  289.0 |
        Bailey |    445 |    445 |      0 |     72 |      0 |   1 |  445.0 |
               +--------+--------+--------+--------+--------+-----+--------+

Top non-repeatable levels by time:
    D:11: 2946 daAuts
  Lair:5: 2102 daAuts
     D:6: 2048 daAuts
     D:7: 1998 daAuts
   Orc:2: 1844 daAuts
    D:13: 1789 daAuts
     D:9: 1522 daAuts
     D:1: 1487 daAuts
     D:8: 1454 daAuts
     D:3: 1442 daAuts
     D:4: 1413 daAuts
    D:10: 1372 daAuts
    D:15: 1357 daAuts
 Snake:1: 1316 daAuts
  Lair:1: 1266 daAuts
